 Dungeon Crawl Stone Soup version 0.19.0-2-gae57169 (webtiles) character file.

462 kraedy the Cudgeler (level 7, -8/35 HPs)
             Began as a Vine Stalker Fighter on Nov 5, 2016.
             Was an Initiate of Kikubaaqudgha.
             Mangled by an ogre
             ... wielding a cursed -1 giant club
              (13 damage)
             ... on level 5 of the Dungeon.
             The game lasted 00:09:44 (2840 turns).

kraedy the Cudgeler (Vine Stalker Fighter)          Turns: 2840, Time: 00:09:44

Health: -8/35      AC: 11    Str: 21    XL:     7   Next: 7%
Magic:  0/8        EV:  7    Int:  8    God:    Kikubaaqudgha [......]
Gold:   104        SH:  9    Dex: 13    Spells: 0 memorised, 6 levels left

rFire  . . .     SeeInvis .     y - +0 whip
rCold  . . .     Gourm    .     b - +0 scale mail
rNeg   . . .     Faith    .     c - +0 shield
rPois  .         Spirit   +     t - +0 helmet
rElec  .         Reflect  .     o - +2 cloak
rCorr  .         Harm     .     B - +0 pair of gloves
MR     .....                    (no boots)
Stlth  ..........               (no amulet)
                                (no ring)
                                (no ring)

@: no status effects
A: fangs 2, regeneration 1, magic shield, antimagic bite, no device heal 3, rot
immunity
a: Renounce Religion


You were on level 5 of the Dungeon.
You worshipped Kikubaaqudgha.
Kikubaaqudgha was noncommittal.
You were near starving.

You visited 2 branches of the dungeon, and saw 6 of its levels.

You collected 104 gold pieces.

Inventory:

Hand Weapons
 a - a +0 flail
 y - a +0 whip (weapon)
Missiles
 m - 22 arrows
Armour
 b - a +0 scale mail (worn)
 c - a +0 shield (worn)
 o - a +2 cloak (worn)
 t - a +0 helmet (worn)
 A - a +2 large shield
 B - a +0 pair of gloves (worn)
Jewellery
 l - an uncursed ring of wizardry {unknown}
 C - an uncursed ring of resist corrosion {unknown}
Wands
 r - a wand of slowing (31/48)
 E - a wand of slowing (31/48)
Scrolls
 e - 6 scrolls of identify {unknown}
 i - a scroll of random uselessness {unknown}
 k - 3 scrolls of magic mapping {unknown}
 n - 3 scrolls of remove curse {unknown}
 s - 3 scrolls of noise {unknown}
 u - a scroll of immolation {unknown}
 v - a scroll of enchant weapon {unknown}
 x - a scroll of fear {unknown}
 D - 3 scrolls of teleportation {unknown}
Potions
 d - a potion of might
 p - a potion of lignification {unknown}
 q - 3 potions of brilliance {unknown}
 w - a potion of flight {unknown}
Comestibles
 f - 4 bread rations
 g - 2 slices of pizza
 h - 2 beef jerkies
 j - 2 meat rations
 z - 2 fruits


   Skills:
 - Level 2.6 Fighting
 + Level 6.7 Maces & Flails
 - Level 2.4 Armour
 - Level 2.6 Shields


You had 6 spell levels left.
You didn't know any spells.

Dungeon Overview and Level Annotations

Branches:
Dungeon (5/15)             Temple (1/1) D:4

Altars:
Ashenzari
Cheibriados
Dithmenos
Fedhas
Gozag
Kikubaaqudgha
Nemelex Xobeh
Ru
Sif Muna
Trog
Uskayaw
Vehumet
Xom
Yredelemnul
The Shining One

Shops:
D:4 (


Innate Abilities, Weirdness & Mutations

You have extremely sharp teeth.
Your natural rate of healing is unusually fast.
When hurt, damage is shared between your health and your magic reserves.
Your bite disrupts and absorbs the magic of your enemies.
Potions and wands cannot restore your health.
You are immune to rotting.


Message History

The ogre is moderately wounded.
The ogre hits you with a giant club!
* * * LOW HITPOINT WARNING * * *
You hit the ogre.
The ogre is moderately wounded.
The centaur unwields an uncursed shortbow.
The centaur hits you but does no damage.
You whack the ogre! You bite the ogre, but do no damage.
The ogre is severely wounded.
You block the ogre's attack.
The centaur hits you but does no damage.
You barely miss the ogre. Your bite misses the ogre.
The ogre is severely wounded.
The centaur hits you!
* * * LOW HITPOINT WARNING * * *
You hit the ogre. Your bite misses the ogre.
The ogre is severely wounded.
The ogre hits you with a giant club!
You die...
Kikubaaqudgha rasps: "You have failed me!
Welcome... death!"

####+#+#'#..
#..........#
#..........#
#..........#
+..........#
#..........#
##....cO....#
.......@....#
...#..#'#+###
#. #<# # ###


You could see an ogre and a centaur.

Vanquished Creatures
  A phantom (D:4)
  A scorpion (D:4)
  A howler monkey (D:4)
  A bullfrog skeleton (D:3)
  A hound (D:5)
  An iguana (D:4)
  A worker ant (D:4)
  Robin (D:3)
  7 adders
  2 oozes
  2 worms
  3 dart slugs
  2 leopard geckos
  An orc (D:3)
  2 ball pythons
  5 bats
  3 giant cockroaches
  18 goblins
  6 hobgoblins
  6 jackals (D:1)
  7 kobolds
  2 quokkas (D:3)
  4 frilled lizards
  A quokka skeleton (D:4)
  5 rats
84 creatures vanquished.

Notes
Turn   | Place    | Note
-------+----------+-------------------------------------------
     0 | D:1      | kraedy the Vine Stalker Fighter began the quest for the Orb.
     0 | D:1      | Reached XP level 1. HP: 11/11 MP: 2/2
     7 | D:1      | Reached skill level 2 in Maces & Flails
     8 | D:1      | Noticed a water moccasin
     8 | D:1      | Noticed a wyvern
     9 | D:1      | Noticed a polar bear
    75 | D:1      | Reached XP level 2. HP: 16/16 MP: 3/3
   288 | D:1      | Reached skill level 3 in Maces & Flails
   295 | D:1      | Reached XP level 3. HP: 15/19 MP: 2/4
   908 | D:2      | Found a snail-covered altar of Cheibriados.
  1036 | D:2      | Gained mutation: Your natural rate of healing is unusually fast. [Vine Stalker growth]
  1036 | D:2      | Reached XP level 4. HP: 19/23 MP: 5/5
  1108 | D:3      | Reached skill level 4 in Maces & Flails
  1334 | D:3      | Noticed Robin
  1355 | D:3      | Killed Robin
  1365 | D:3      | Reached XP level 5. HP: 25/27 MP: 6/6
  1544 | D:3      | Reached skill level 5 in Maces & Flails
  2203 | D:4      | Reached XP level 6. HP: 22/32 MP: 7/7
  2302 | D:4      | Found a sparkling altar of Nemelex Xobeh.
  2350 | D:4      | Found Plog's Antique Weapon Shoppe.
  2390 | D:4      | Found a staircase to the Ecumenical Temple.
  2399 | Temple   | Entered the Ecumenical Temple
  2477 | Temple   | Became a worshipper of Kikubaaqudgha
  2519 | D:4      | Noticed a phantom
  2519 | D:4      | Found an opulent altar of Gozag.
  2616 | D:4      | Reached skill level 6 in Maces & Flails
  2679 | D:4      | Killed a phantom
  2679 | D:4      | Reached XP level 7. HP: 35/35 MP: 8/8
  2819 | D:5      | Entered Level 5 of the Dungeon
  2840 | D:5      | Mangled by an ogre

Skill      XL: |  1  2  3  4  5  6 |
---------------+-------------------+-----
Maces & Flails | 2 3 4 5 6 |  6.7
Fighting       | |  2.6
Armour         | |  2.4
Shields        | |  2.6

Action                   |  1- 3 |  4- 6 |  7- 9 || total
-------------------------+-------+-------+-------++-------
Melee: Flail             |   105 |    94 |       ||   199
       Bite              |    27 |    47 |     5 ||    79
       Whip              |       |   108 |    18 ||   126
  Use: Potion            |       |     1 |       ||     1
  Eat: Chunk             |       |     5 |       ||     5
Armor: Scale mail        |    58 |    88 |     9 ||   155
Dodge: Dodged            |    41 |    60 |     4 ||   105
Block: Shield            |    53 |    91 |     5 ||   149
